 Dungeon Crawl Stone Soup version 0.29.1-1-gd02db6906a (webtiles) character file.

Game seed: 17069295519655749530

10 pacmanke6689 the Trooper (level 2, 0/27 HPs)
             Began as a Hill Orc Fighter on Sept 25, 2022.
             Slain by a goblin
             ... wielding a +0 club
              (1 damage)
             ... on level 1 of the Dungeon.
             The game lasted 00:05:52 (431 turns).

pacmanke6689 the Trooper (Hill Orc Fighter)          Turns: 431, Time: 00:05:52

Health: 0/27       AC:  6    Str: 15 (18) XL:     2   Next: 20%
Magic:  2/2        EV:  8    Int:  7 (8)  God:
Gold:   13         SH:  4    Dex:  7 (10) Spells: 1/1 levels left

rFire   . . .      SeeInvis .   a - +0 war axe
rCold   . . .      Faith    .   c - +0 buckler
rNeg    . . .      Spirit   .   b - +0 scale mail
rPois   .          Reflect  .   (no helmet)
rElec   .          Harm     .   (no cloak)
rCorr   .          Rampage  .   (no gloves)
Will    .....                   (no boots)
Stlth   ..........              (no amulet)
HPRegen 0.09/turn               (no ring)
MPRegen 0.08/turn               (no ring)

@: no status effects
A: no striking features
a: no special abilities


You were on level 1 of the Dungeon.
You visited 1 branch of the dungeon, and saw 1 of its levels.

You collected 13 gold pieces.

Inventory:

Hand Weapons
 a - a +0 war axe (weapon)
Armour
 b - a +0 scale mail (worn)
 c - a +0 buckler (worn)
 i - a +0 leather armour
Jewellery
 f - a ring of flight
Scrolls
 e - a scroll of enchant weapon {unknown}
 j - a scroll of noise {unknown}
Potions
 d - a potion of might
 g - a potion of haste {unknown}
 k - a potion of heal wounds {unknown}


   Skills:
 + Level 3.9 Fighting
 + Level 3.0 Axes
 + Level 3.4 Armour
 + Level 3.4 Shields


You had one spell level left.
You didn't know any spells.
Your spell library contained the following spells:

 Spells                   Type           Power      Damage    Failure   Level
 Ignite Poison            Fire/Tmut/Pois 0%         N/A       100%        3
 Mephitic Cloud           Conj/Pois/Air  0%         N/A       100%        3
 Portal Projectile        Hex/Tloc       0%         N/A       100%        3
 Tukima's Dance           Hex            0%         N/A       100%        3
 Blade Hands              Tmut           0%         N/A       100%        5
 Freezing Cloud           Conj/Ice/Air   0%         6-21      100%        5


Dungeon Overview and Level Annotations

Branches:
Dungeon (1/15)

Altars:


Message History

The goblin moves out of view.
The kobold throws a stone.
The stone completely misses you.
A goblin comes into view. It is wielding a +0 club.
Found a black potion.
The goblin shouts!
The kobold hits you with a +0 club.
You slash the kobold!
You kill the kobold!
A goblin comes into view. It is wielding a +0 club.
An endoplasm comes into view.
The goblin shouts!
The endoplasm quivers.
The goblin barely misses you.
Things that are here:
a +0 club; a stone; a kobold corpse The goblin closely misses you.
You block the goblin's attack. The goblin attacks as you move away!
The goblin hits you with a +0 club. You block the goblin's attack.
Things that are here:
a +0 club; a stone; a kobold corpse You barely miss the goblin.
You hit the goblin.
You kill the goblin!
You completely miss the goblin. The goblin hits you with a +0 club.
* * * LOW HITPOINT WARNING * * *
You block the goblin's attack.
You barely miss the goblin. You closely miss the goblin.
The goblin barely misses you. The goblin hits you but does no damage.
You hit the goblin.
The goblin is moderately wounded.
You barely miss the goblin. The goblin hits you with a +0 club.
* * * LOW HITPOINT WARNING * * *
You block the goblin's attack. The goblin hits you but does no damage.
The endoplasm hits you.
* * * LOW HITPOINT WARNING * * *
You block the goblin's attack.
It was a potion of degeneration.
There was something very wrong with that liquid.
You feel weakened.
You feel dopey.
You feel clumsy. The goblin hits you but does no damage.
The goblin hits you with a +0 club.
You die...

................
..#................
. #................
..#................
..........#.......#
#...###..##........
..>......##........
..........gJ....!..
..........@g.......
.........###...##..
.....##### ...#
..... ...# .....
...# .. ...# ...#
...#


You could see an endoplasm and 2 goblins.

Vanquished Creatures
  A ball python (D:1)
  An endoplasm (D:1)
  2 goblins (D:1)
  2 hobgoblins (D:1)
  2 bats (D:1)
  A kobold (D:1)
9 creatures vanquished.

Notes
Turn   | Place    | Note
-------+----------+-------------------------------------------
     0 | D:1      | pacmanke6689 the Hill Orc Fighter began the quest for the
                  | Orb.
     0 | D:1      | Reached XP level 1. HP: 19/19 MP: 1/1
   249 | D:1      | Reached XP level 2. HP: 4/27 MP: 2/2
   430 | D:1      | HP: 1/27 [endoplasm (1)]
   431 | D:1      | Slain by a goblin

Illustrated notes

Levels and vault maps discovered:
D:1:      eino_arrival_cavern_b, layout_basic,
          shapermc_ecumenical_altar_notcrosses

Skill      XL: |  1 |
---------------+----+-----
Axes           | 3 |  3.0
Fighting       | |  3.9
Armour         | |  3.4
Shields        | |  3.4

Action                   || total
-------------------------++-------
Melee: War axe           ||    41
  Use: Potion            ||     1
Armor: Scale mail        ||    36
Dodge: Dodged            ||    35
Block: Buckler           ||    18
